 Dungeon Crawl Stone Soup version 0.25.1-4-g9407a263a5 (webtiles) character file.

Game seed: 4659655829584787710

79965 Clowwww the Severer (level 15, 0/119 HPs)
             Began as a Demonspawn Fighter on Nov 29, 2020.
             Was a High Priest of Okawaru.
             Slain by a seven-headed hydra (3 damage)
             ... while petrified by you
             ... on level 6 of the Lair of Beasts.
             The game lasted 01:57:16 (37971 turns).

Clowwww the Severer (Demonspawn Fighter)           Turns: 37971, Time: 01:57:16

Health: 0/119      AC: 24    Str: 20 (21) XL:     15   Next: 22%
Magic:  0/18       EV:  2    Int: 14      God:    Okawaru [*****.]
Gold:   2754       SH:  0    Dex: 13 (14) Spells: 14/14 levels left

rFire    . . .     SeeInvis .   a - +1 war axe
rCold    + . .     Gourm    .   c - +0 kite shield
rNeg     + + +     Faith    .   e - +2 plate armour {rPois}
rPois    ∞         Spirit   +   (no helmet)
rElec    .         Reflect  .   E - scarf {+Inv}
rCorr    .         Harm     .   k - +0 pair of gloves
MR       +....                  (boots unavailable)
Stlth    +++.......             (no amulet)
HPRegen  0.29/turn              w - ring "Qevith" {rC+ Int+2 Dex+2 Stlth+}
MPRegen  0.16/turn              j - +4 ring of protection

@: agile, petrified, heroism
A: talons 3, powered by pain 1, magic shield, sturdy frame 3
a: Heroism, Finesse, Renounce Religion, Evoke Invisibility


You were on level 6 of the Lair of Beasts.
You worshipped Okawaru.
Okawaru was extremely pleased with you.
You were hungry.

You visited 6 branches of the dungeon, and saw 26 of its levels.

You collected 3336 gold pieces.
You spent 582 gold pieces at shops.

Inventory:

Hand Weapons
 a - a +1 war axe (weapon)
 K - a +0 scimitar of flaming
 N - a +0 executioner's axe of freezing
 O - the +5 demon whip "Spellbinder" {antimagic, MR+}
   (You found it on level 2 of the Lair of Beasts)

   It reduces the magical energy of the wielder, and disrupts the spells and
   magical abilities of those hit.
   Natural abilities and divine invocations are not affected.
   It affects your resistance to hostile enchantments.
Missiles
 b - 2 boomerangs of dispersal
 n - 19 boomerangs (quivered)
 z - a throwing net
 A - 11 silver boomerangs
 B - 3 silver javelins
 D - 357 arrows
 J - 16 atropa-tipped darts
 M - 2 javelins
Armour
 c - a +0 kite shield (worn)
 d - a +3 chain mail of cold resistance
 e - a +2 plate armour of poison resistance (worn)
 k - a +0 pair of gloves (worn)
 m - a +4 scale mail of magic resistance
 E - a scarf of invisibility (worn)
Jewellery
 j - a +4 ring of protection (right hand)
 w - the ring "Qevith" (left hand) {rC+ Int+2 Dex+2 Stlth+}
   (You took it off a gnoll on level 5 of the Dungeon)

   [ring of protection from cold]

   It affects your intelligence (+2).
   It affects your dexterity (+2).
   It protects you from cold.
   It makes you more stealthy.
Wands
 r - a wand of digging (10)
 t - a wand of random effects (48)
 u - a wand of iceblast (11)
 y - a wand of paralysis (28)
 L - a wand of disintegration (8)
 T - a wand of polymorph (9)
Scrolls
 g - 9 scrolls of identify
 h - 4 scrolls of fog
 i - 17 scrolls of remove curse
 p - 6 scrolls of teleportation
 s - 7 scrolls of amnesia
 v - 6 scrolls of blinking
 x - 4 scrolls of magic mapping
 R - a scroll of fear
 S - a scroll of silence
Potions
 l - 2 potions of stabbing
 o - 2 potions of resistance
 q - 3 potions of magic
 C - 6 potions of curing
 F - a potion of might
 G - a potion of ambrosia
 H - 4 potions of cancellation
 I - 2 potions of haste
Comestibles
 f - 27 rations
 P - 5 chunks of flesh


   Skills:
 + Level 11.5(16.5) Fighting
 + Level 15.4(20.4) Axes
 + Level 6.0(11.0) Throwing
 + Level 9.3(14.3) Armour
 + Level 7.0(12.0) Dodging
 + Level 2.5(7.5) Stealth
 + Level 10.5(15.5) Shields
 + Level 4.8 Invocations
 + Level 1.4 Evocations


You had 14 spell levels left.
You didn't know any spells.
Your spell library contained the following spells:

 Spells                   Type           Power        Failure   Level  Hunger
 Animate Skeleton         Necr           N/A          65%         1    ##.....
 Infusion                 Chrm           #...         65%         1    ##.....
 Magic Dart               Conj           #...         65%         1    ##.....
 Pain                     Necr           #...         65%         1    ##.....
 Blink                    Tloc           N/A          78%         2    ###....
 Call Imp                 Summ           #.......     78%         2    ###....
 Shroud of Golubria       Chrm/Tloc      #.....       78%         2    ###....
 Slow                     Hex            #.......     78%         2    ###....
 Song of Slaying          Chrm           #.......     78%         2    ###....
 Conjure Flame            Conj/Fire      #.......     95%         3    ####...
 Ignite Poison            Fire/Tmut/Pois #.......     95%         3    ####...
 Mephitic Cloud           Conj/Pois/Air  #.......     95%         3    ####...
 Ozocubu's Armour         Chrm/Ice       #.......     95%         3    ####...
 Recall                   Summ/Tloc      N/A          95%         3    ####...
 Spectral Weapon          Hex/Chrm       #.......     95%         3    ####...
 Vampiric Draining        Necr           #.........   95%         3    ####...
 Animate Dead             Necr           N/A          100%        4    #####..
 Agony                    Necr           #.......     100%        5    ######.
 Aura of Abjuration       Summ           #.........   100%        5    ######.
 Fireball                 Conj/Fire      #.........   100%        5    ######.
 Summon Demon             Summ           #.........   100%        5    ######.
 Summon Forest            Summ/Tloc      #.........   100%        5    ######.
 Summon Mana Viper        Hex/Summ       #.......     100%        5    ######.
 Shadow Creatures         Summ           N/A          100%        6    #######
 Starburst                Conj/Fire      #.........   100%        6    #######
 Ring of Flames           Chrm/Fire      #.........   100%        7    #######
 Ignition                 Fire           #.........   100%        8    #######


Dungeon Overview and Level Annotations

Branches:
Dungeon (15/15)            Temple (1/1) D:5            Lair (6/6) D:11
 Shoals (0/4) Lair:4       Spider (1/4) Lair:3        Slime (0/5) Lair:5
    Orc (2/2) D:12            Elf (0/3) Orc:2        Vaults (0/5) D:14
 Depths (1/5) D:15

Altars:
Ashenzari
Cheibriados
Dithmenos
Elyvilon
Fedhas
Gozag
Hepliaklqana
Kikubaaqudgha
Makhleb
Nemelex Xobeh
Okawaru
Qazlal
Ru
Sif Muna
Trog
Uskayaw
Wu Jian
Xom
Yredelemnul
Zin
The Shining One
Beogh
Jiyva

Shops:
Orc:2 :?:*%

Annotations:
D:13 2 transporters, elgenn's ghost, journeyman MiFi
Lair:3 3 runed translucent doors, Befuwnopp's ghost, journeyman TrHu


Innate Abilities, Weirdness & Mutations

You have claws for feet.
You sometimes gain a little power by taking damage.
When hurt, damage is shared between your health and your magic reserves.
Your movements are significantly less encumbered by armour. (ER -6)


Message History

The seven-headed hydra bites you!
* * * LOW HITPOINT WARNING * * *
The four-headed hydra bites you but does no damage.
The four-headed hydra bites you!
* * * LOW HITPOINT WARNING * * *
The four-headed hydra bites you but does no damage. x2
The seven-headed hydra bites you!
* * * LOW HITPOINT WARNING * * *
The seven-headed hydra bites you but does no damage.
The seven-headed hydra bites you. x2
The seven-headed hydra bites you but does no damage. x3
The crocodile bites you but does no damage.
The four-headed hydra bites you but does no damage. x4
The seven-headed hydra bites you but does no damage. x3
The seven-headed hydra bites you!
* * * LOW HITPOINT WARNING * * *
The seven-headed hydra bites you!
* * * LOW HITPOINT WARNING * * *
The seven-headed hydra bites you!
You die...

##.!.......
#..........
#..........
#..?.......
.....H....
###.........
#P..D.......
#..D@.......
##..t.......
#.#.........
# #.........
..........
#..........
...........
.P#######.#P


You could see a seven-headed hydra, a four-headed hydra, a hippogriff and a
crocodile.

Vanquished Creatures
  Rupert (D:13)
  2 orc warlords (Orc:1)
  A stone giant (Depths:1)
  An entropy weaver (Spider:1)
  The ghost of Seevig the Fighter, a journeyman DrTm of Lugonu (Lair:4)
  Snorg (D:11)
  An ettin (D:15)
  Josephine (D:11)
  3 hydras
  5 centaur warriors
  An ogre mage (D:15)
  6 two-headed ogres
  A queen ant (Lair:3)
  3 orc high priests (Orc:2)
  Nergalle (Lair:3)
  5 slime creatures
  2 unseen horrors
  2 wizards (D:14)
  Pikel (D:3)
  4 orc sorcerers (Orc:2)
  An orb spider (Spider:1)
  14 ugly things
  4 orc knights (Orc:2)
  5 wolf spiders
  2 manticores
  3 elephants (Lair:5)
  Maurice (D:9)
  A cyclops (D:15)
  A black mamba (Lair:2)
  A centaur zombie (D:15)
  A gargoyle (D:6)
  An ice statue (D:9)
  8 spiny frogs
  A rime drake (Lair:5)
  5 komodo dragons
  3 yaktaurs (D:15)
  An efreet (D:14)
  10 trolls
  A jumping spider (Spider:1)
  A queen bee (D:13)
  3 polar bears
  3 meliai (D:13)
  A tengu conjurer (D:14)
  Grinder (D:5)
  A hornet (shapeshifter) (D:15)
  14 blink frogs
  9 hippogriffs
  A snapping turtle (Lair:4)
  3 tarantellas (Spider:1)
  A water elemental (D:15)
  4 hogs (D:8)
  21 yaks
  5 wraiths
  3 wyverns
  A human (D:8)
  A basilisk (D:13)
  2 hungry ghosts
  3 vampire mosquitoes (D:14)
  A steam dragon (D:11)
  Edmund (D:5)
  A warg (Orc:2)
  12 soldier ants (Lair:3)
  11 water moccasins
  A swamp drake (D:12)
  17 porcupines
  5 ice beasts
  3 slaves (D:3)
  41 orc warriors
  An ice beast (shapeshifter) (D:15)
  A black bear (D:7)
  7 sky beasts
  2 necrophages
  7 ogres
  A phantom (D:14)
  10 centaurs
  10 crocodiles
  Blork the orc (D:5)
  A big kobold (D:8)
  14 bullfrogs
  A wyvern zombie (D:11)
  A wyvern skeleton (D:10)
  3 scorpions
  35 killer bees
  5 wights (D:12)
  5 howler monkeys
  4 jellies
  2 electric eels
  5 crimson imps
  A bullfrog zombie (D:11)
  2 quasits
  32 orc wizards
  33 orc priests
  3 centaur skeletons
  5 hounds
  3 iguanas
  Ijyb (D:5)
  39 worker ants
  2 killer bee zombies
  2 hound skeletons
  A howler monkey zombie (D:7)
  A worker ant zombie (D:5)
  Robin (D:3)
  7 gnolls
  11 adders
  7 shadow imps
  An ooze (D:1)
  An adder zombie (D:6)
  2 adder skeletons
  A worm (D:2)
  5 dart slugs
  3 leopard geckos
  116 orcs
  9 giant cockroaches
  14 goblins
  8 hobgoblins
  16 jackals
  8 quokkas
  3 ball pythons
  6 bats
  3 frilled lizards
  10 kobolds
  A leopard gecko zombie (D:5)
  A quokka skeleton (D:4)
  2 quokka zombies
  8 rats
  2 fungi
765 creatures vanquished.

Vanquished Creatures (others)
  2 quokkas
  44 fungi
  30 plants
76 creatures vanquished.

Grand Total: 841 creatures vanquished

Notes
Turn   | Place    | Note
-------+----------+-------------------------------------------
     0 | D:1      | Clowwww the Demonspawn Fighter began the quest for the Orb.
     0 | D:1      | Reached XP level 1. HP: 18/18 MP: 1/1
   121 | D:1      | Gained mutation: Your movements are slightly less
                  | encumbered by armour. (ER -2) [demonic ancestry]
   121 | D:1      | Reached XP level 2. HP: 21/24 MP: 2/2
   442 | D:1      | Reached skill level 2 in Axes
   588 | D:1      | Gained mutation: You have sharp toenails. [demonic
                  | ancestry]
   588 | D:1      | Reached XP level 3. HP: 29/29 MP: 3/3
  1457 | D:2      | Reached XP level 4. HP: 17/35 MP: 4/4
  2112 | D:3      | Reached skill level 3 in Axes
  2520 | D:3      | Gained mutation: When hurt, damage is shared between your
                  | health and your magic reserves. [demonic ancestry]
  2520 | D:3      | Reached XP level 5. HP: 40/41 MP: 5/5
  2546 | D:3      | Noticed Robin
  2568 | D:3      | Killed Robin
  3062 | D:3      | Found a blossoming altar of Fedhas.
  3274 | D:3      | Found a bloodstained altar of Trog.
  3321 | D:4      | Reached skill level 1 in Dodging
  3426 | D:4      | Reached skill level 4 in Axes
  3426 | D:4      | Gained mutation: You have razor-sharp toenails. [demonic
                  | ancestry]
  3426 | D:4      | Reached XP level 6. HP: 48/48 MP: 6/6
  3479 | D:4      | Noticed Pikel
  3479 | D:4      | Noticed a slave
  3480 | D:4      | Noticed a slave
  3481 | D:4      | Noticed a slave
  3482 | D:4      | Noticed a slave
  3675 | D:3      | Killed a slave
  3682 | D:3      | Killed a slave
  3900 | D:3      | Killed a slave
  3910 | D:3      | Killed Pikel
  3910 | D:3      | Reached skill level 5 in Axes
  3910 | D:3      | Reached XP level 7. HP: 9/55 MP: 2/7
  4169 | D:4      | Reached skill level 1 in Throwing
  4438 | D:4      | Found a stormy altar of Qazlal.
  4582 | D:5      | Entered Level 5 of the Dungeon
  4586 | D:5      | Found a staircase to the Ecumenical Temple.
  4602 | Temple   | Entered the Ecumenical Temple
  4643 | Temple   | Became a worshipper of Warmaster Okawaru
  4726 | D:5      | Noticed Ijyb
  4735 | D:5      | Killed Ijyb
  4735 | D:5      | Reached skill level 5 in Armour
  4903 | D:5      | Reached XP level 8. HP: 61/61 MP: 8/8
  4916 | D:5      | Noticed Grinder
  4933 | D:5      | Paralysed by Grinder for 7 turns
  4940 | D:5      | Killed Grinder
  4940 | D:5      | Reached skill level 6 in Axes
  5264 | D:5      | Noticed Edmund
  5286 | D:5      | Killed Edmund
  5775 | D:5      | Found a shadowy altar of Dithmenos.
  5809 | D:5      | Noticed Blork the orc
  5820 | D:5      | Killed Blork the orc
  5975 | D:5      | Reached * piety under Okawaru
  6088 | D:6      | Noticed a gargoyle
  6089 | D:6      | Reached skill level 5 in Fighting
  6298 | D:6      | Killed a gargoyle
  6298 | D:6      | Reached skill level 7 in Axes
  6298 | D:6      | Gained mutation: You sometimes gain a little power by
                  | taking damage. [demonic ancestry]
  6298 | D:6      | Reached XP level 9. HP: 7/68 MP: 1/9
  6717 | D:6      | Identified the ring "Qevith" {rC+ Int+2 Dex+2 Stlth+}
  7093 | D:6      | Found a shimmering blue altar of Sif Muna.
  7101 | D:6      | Reached ** piety under Okawaru
  7317 | D:6      | Reached skill level 8 in Axes
  7317 | D:6      | Reached skill level 5 in Shields
  8504 | D:7      | Reached skill level 9 in Axes
  8763 | D:7      | You fall into a shaft and drop 1 floor!
  8778 | D:8      | Found an opulent altar of Gozag.
  8779 | D:8      | Found a burning altar of Makhleb.
  8843 | D:8      | You fall into a shaft and drop 3 floors!
  8844 | D:11     | Noticed a two-headed ogre
  8854 | D:11     | Killed a two-headed ogre
  8854 | D:11     | Reached *** piety under Okawaru
  8854 | D:11     | Reached skill level 1 in Stealth
  8854 | D:11     | Reached XP level 10. HP: 71/76 MP: 8/10
  8881 | D:10     | Entered Level 10 of the Dungeon
  9350 | D:10     | Found a shattered altar of Ashenzari.
  9499 | D:9      | Reached **** piety under Okawaru
 10062 | D:9      | Found an ornate altar of the Wu Jian Council.
 10108 | D:9      | Noticed a two-headed ogre
 10117 | D:9      | Killed a two-headed ogre
 10117 | D:9      | Reached skill level 10 in Axes
 10209 | D:9      | Found a sacrificial altar of Ru.
 10410 | D:8      | Reached ***** piety under Okawaru
 11084 | D:8      | Reached XP level 11. HP: 71/84 MP: 9/11
 11087 | D:8      | Received a gift from Okawaru
 11323 | D:8      | Found a sparkling altar of Nemelex Xobeh.
 11863 | D:8      | Found a shimmering altar of Xom.
 11863 | D:8      | Found a snail-covered altar of Cheibriados.
 12024 | D:9      | Noticed Maurice
 12069 | D:9      | Killed Maurice
 13389 | D:11     | Noticed Josephine
 13633 | D:11     | Killed Josephine
 13633 | D:11     | Received a gift from Okawaru
 13837 | D:11     | Reached skill level 11 in Axes
 13967 | D:11     | Found a staircase to the Lair.
 14239 | D:11     | Noticed a four-headed hydra
 14267 | D:11     | Killed a 14-headed hydra
 14430 | D:11     | Noticed a red ugly thing
 14444 | D:11     | Killed a red ugly thing
 14671 | D:11     | Noticed Snorg
 14694 | D:11     | Killed Snorg
 15529 | D:12     | Gained mutation: Your movements are less encumbered by
                  | armour. (ER -4) [demonic ancestry]
 15529 | D:12     | Reached XP level 12. HP: 36/93 MP: 9/12
 15867 | D:12     | Noticed a four-headed hydra
 16204 | D:12     | Found a staircase to the Orcish Mines.
 16236 | D:12     | Reached skill level 12 in Axes
 16994 | D:12     | Received a gift from Okawaru
 16995 | D:12     | Got a twisted robe {god gift}
 17056 | D:12     | Identified the +0 robe of the Fiend {rC+} (Okawaru gifted
                  | it to you on level 12 of the Dungeon)
 17536 | D:13     | Reached skill level 5 in Dodging
 17844 | D:13     | Found a transporter.
 17844 | D:13     | Noticed a five-headed hydra
 17844 | D:13     | Noticed elgenn's ghost (journeyman MiFi)
 17844 | D:13     | Noticed a deep troll earth mage
 17908 | D:13     | Reached skill level 1 in Invocations
 18186 | D:13     | Found a transporter.
 18211 | D:13     | Noticed a centaur warrior
 18225 | D:13     | Killed a centaur warrior
 18557 | D:13     | Noticed a two-headed ogre
 18560 | D:13     | Noticed Rupert
 18565 | D:13     | Killed a two-headed ogre
 18587 | D:13     | Killed Rupert
 19180 | D:13     | Reached skill level 13 in Axes
 19180 | D:13     | Received a gift from Okawaru
 20064 | D:14     | Gained mutation: You have claws for feet. [demonic
                  | ancestry]
 20064 | D:14     | Reached XP level 13. HP: 72/101 MP: 12/14
 22022 | D:14     | Found a gate to the Vaults.
 22170 | D:15     | Entered Level 15 of the Dungeon
 22214 | D:15     | Noticed an ettin
 22243 | D:15     | Received a gift from Okawaru
 22264 | D:15     | Reached skill level 1 in Evocations
 22287 | D:15     | Reached skill level 10 in Fighting
 22300 | D:15     | Killed an ettin
 22655 | D:15     | Reached skill level 14 in Axes
 22669 | D:15     | Received a gift from Okawaru
 22748 | D:15     | HP: 2/103 [purple ugly thing (6)]
 22774 | D:15     | HP: 1/103 [yaktaur/bolt (8)]
 23274 | D:15     | Found a staircase to the Depths.
 23341 | D:15     | Received a gift from Okawaru
 24004 | D:12     | Received a gift from Okawaru
 24400 | Orc:1    | Entered Level 1 of the Orcish Mines
 24445 | Orc:1    | Found a roughly hewn altar of Beogh.
 24497 | Orc:2    | Entered Level 2 of the Orcish Mines
 24556 | Orc:2    | Reached XP level 14. HP: 102/111 MP: 14/16
 24776 | Orc:2    | Found a staircase to the Elven Halls.
 24914 | Orc:1    | Noticed an orc warlord
 24969 | Orc:1    | Killed an orc warlord
 24991 | Orc:1    | Noticed an orc warlord
 25048 | Orc:1    | Killed an orc warlord
 25057 | Orc:1    | HP: 5/111 [orc warrior/+0 flail[an orc warlord] (7)]
 25578 | Orc:1    | Received a gift from Okawaru
 27272 | Orc:2    | Received a gift from Okawaru
 27601 | Orc:2    | Found Atubugem's Book Emporium.
 27601 | Orc:2    | Found Buovaifi's General Store.
 27603 | Orc:2    | Found Hikymec's Book Emporium.
 27603 | Orc:2    | Found Lyta's Magic Scroll Shop.
 27658 | Orc:2    | Bought a scroll of teleportation for 36 gold pieces
 27658 | Orc:2    | Bought a scroll of blinking for 90 gold pieces
 27658 | Orc:2    | Bought a scroll of blinking for 90 gold pieces
 27660 | Orc:2    | Bought 3 scrolls of blinking for 270 gold pieces
 27660 | Orc:2    | Bought a potion of curing for 36 gold pieces
 27660 | Orc:2    | Bought a ration for 60 gold pieces
 27819 | Orc:2    | Found Nawnybb's Food Emporium.
 27994 | Lair:1   | Entered Level 1 of the Lair of Beasts
 28949 | Lair:2   | Reached skill level 10 in Shields
 29223 | Lair:2   | Received a gift from Okawaru
 29360 | Lair:2   | Found the +5 demon whip "Spellbinder" {antimagic, MR+}
 30198 | Lair:3   | Noticed Nergalle
 30211 | Lair:3   | Killed Nergalle
 30338 | Lair:3   | Found a runed translucent gate.
 30338 | Lair:3   | Found a runed translucent gate.
 30338 | Lair:3   | Found a runed translucent gate.
 30340 | Lair:3   | Noticed Befuwnopp's ghost (journeyman TrHu)
 30344 | Lair:3   | Found a viscous altar of Jiyva.
 30442 | Lair:3   | Found a hole to the Spider Nest.
 31362 | Lair:3   | Reached skill level 15 in Axes
 31392 | Lair:3   | Reached skill level 5 in Throwing
 32365 | Lair:4   | Found a staircase to the Shoals.
 32551 | Lair:4   | Found a runed translucent door.
 32570 | Lair:4   | Noticed Seevig's ghost (journeyman DrTm)
 32603 | Lair:4   | Killed Seevig's ghost
 33190 | Depths:1 | Entered Level 1 of the Depths
 33281 | Depths:1 | Noticed a stone giant
 33322 | Depths:1 | Killed a stone giant
 33322 | Depths:1 | Received a gift from Okawaru
 33496 | Spider:1 | Entered Level 1 of the Spider Nest
 34179 | Spider:1 | Noticed an entropy weaver
 34203 | Spider:1 | Killed an entropy weaver
 34410 | Spider:1 | Gained mutation: Your movements are significantly less
                  | encumbered by armour. (ER -6) [demonic ancestry]
 34410 | Spider:1 | Reached XP level 15. HP: 115/119 MP: 16/18
 35248 | Lair:3   | Identified a scroll of acquirement
 35251 | Lair:3   | Acquired 660 gold pieces
 36864 | Lair:5   | Found a staircase to the Slime Pits.
 36865 | Lair:5   | Found a viscous altar of Jiyva.
 37004 | Lair:5   | Received a gift from Okawaru
 37509 | Lair:6   | Entered Level 6 of the Lair of Beasts
 37971 | Lair:6   | HP: 3/119 [seven-headed hydra (4)]
 37971 | Lair:6   | Slain by a seven-headed hydra

Illustrated notes

Levels and vault maps discovered:
D:1:      psy_arrival_wood_between_worlds, layout_loops_ring
D:2:      layout_basic, serial_corexii_hall, chequers_hall_statues_wall_a,
          corexii_hall_statues_x, first_ration
D:3:      layout_basic, old_standard_altar, lightli_temple_of_fire, uniq_robin
D:4:      layout_rooms, grunt_qazlal_clouds, uniq_pikel
D:5:      layout_gridville, minmay_temple_entry_slanted, chequers_garden,
          nicolae_dithmenos_through_a_glass_darkly, uniq_edmund, uniq_grinder,
          uniq_ijyb, uniq_blork_the_orc
D:6:      kennysheep_orc_sif_temple, layout_rooms, small_statue_intersection
D:7:      minmay_the_grid_triangle_9x9_rhombus_thin
          [minmay_the_grid_triangle_9x9_steps,
          minmay_the_grid_triangle_9x9_prize_schism,
          minmay_the_grid_triangle_9x9_longest,
          minmay_the_grid_triangle_9x9_zippers_horizontal], layout_basic,
          fiery_altar_vehumet
D:8:      layout_loops_ring, gammafunk_temple_overflow_pools,
          gammafunk_temple_overflow_statue, basic_altar, grunt_livestock
D:9:      lemuel_ice_statue, layout_loops_ring, lemuel_doored_altar,
          hangedman_ru_absence, uniq_maurice
D:10:     layout_basic, nicolae_ashenzari_panopticon
D:11:     layout_roguey, due_lair_maze_entry_diamond, uniq_josephine, uniq_snorg
D:12:     layout_rooms, erik_orc_1, special_room [special_room_orc]
D:13:     layout_loops_ring, special_room [special_room_bee],
          gammafunk_ghost_arena, uniq_rupert
D:14:     layout_long_grid, david_vaults_1, minmay_misc_feat_four_crosses,
          nrook_mini_backslash
D:15:     hangedman_depths_entry_civil_slaughter, layout_loops_ring,
          fountainhead, serial_bayou_crossing
Temple:   nicolae_temple_god_jail
Lair:1:   layout_gridlike, serial_bayou_shore_a
Lair:2:   layout_cave_shapes, chequers_serial_rivers_micro_e, minivault_27,
          chequers_serial_rivers_large_a, grunt_megastairs_3
Lair:3:   layout_big_grid, spider_nest_entry_rubble, gammafunk_ghost_ooze,
          zaba_anthell, uniq_nergalle
Lair:4:   layout_long_grid, minmay_shoals_entry_hut,
          ebering_ghost_reflecting_pool, lemuel_fruit_fields,
          infiniplex_staircase_pool
Lair:5:   layout_regular_city, slime_altar_1
Lair:6:   evilmike_catoblepas_cave, layout_long_grid, grunt_megastairs_1
Spider:1: layout_spider_delve
Orc:1:    layout_caves, basic_altar
Orc:2:    grunt_orc_tribal_feast, layout_diamond_mine, serial_shops,
          nicolae_shop_statue_plus, nicolae_orc_damp_corner,
          nicolae_orc_flooded_monolith
Depths:1: layout_basic, hangedman_abyss_or_decor_passed, hell_entry,
          nrook_kobold_shadow_demons, minmay_shoptagon,
          infiniplex_staircase_pool_lava

Skill      XL: |  1  2  3  4  5  6  7  8  9 10 11 12 13 14 15 |
---------------+----------------------------------------------+-----
Axes           | 2 3 4 5 7 9 10 11 13 14 15 | 15.4
Armour         | 3 4 5 6 7 8 9 |  9.3
Shields        | 3 4 5 6 7 8 9 10 | 10.5
Dodging        | 1 2 3 4 5 6 7 |  7.0
Fighting       | 4 5 6 7 8 9 10 11 | 11.5
Throwing       | 1 2 3 4 5 6 |  6.0
Stealth        | 1 2 |  2.5
Invocations    | 2 3 4 |  4.8
Evocations     | 1 |  1.4

Action                   |  1- 3 |  4- 6 |  7- 9 | 10-12 | 13-15 || total
-------------------------+-------+-------+-------+-------+-------++-------
Melee: War axe           |   137 |   175 |   378 |  1015 |  1410 ||  3115
       Kick              |    14 |    33 |   115 |   354 |   547 ||  1063
       Executioner's axe |       |       |       |       |    19 ||    19
Throw: Boomerang         |       |    18 |    16 |    45 |   340 ||   419
       Throwing net      |       |       |       |     3 |       ||     3
       Dart              |       |       |       |     5 |     5 ||    10
Invok: Heroism           |       |       |     3 |     9 |    16 ||    28
       Finesse           |       |       |       |     2 |    10 ||    12
Evoke: Wand              |       |       |       |     5 |     8 ||    13
  Use: Potion            |       |     3 |     1 |    10 |     7 ||    21
       Scroll            |       |       |    12 |    18 |    13 ||    43
 Stab: Sleeping          |       |       |       |     1 |       ||     1
       Distracted        |       |       |       |     1 |     1 ||     2
  Eat: Chunk             |     2 |     7 |    11 |    18 |    30 ||    68
       Ration            |       |       |     2 |     6 |     8 ||    16
Armor: Scale mail        |    52 |    76 |    25 |   236 |   191 ||   580
       Chain mail        |       |       |   234 |   295 |       ||   529
       Skin              |       |       |     4 |       |       ||     4
       Plate armour      |       |       |       |       |   321 ||   321
Dodge: Dodged            |    61 |    73 |   144 |   389 |   531 ||  1198
Block: Kite shield       |    64 |    93 |   214 |   581 |   703 ||  1655
